 Dungeon Sprint DCSS version 0.18-a0-1782-gb76a692 (webtiles) character file.

4288 mmcf the Stormcaller (level 10, -5/63 HPs)
             Began as a Tengu Air Elementalist on Apr 17, 2016.
             Was a High Priest of Vehumet.
             Slain by a black mamba (16 damage)
             ... in the Dungeon (Sprint IX: "|||||||||||||||||||||||||||||").
             The game lasted 00:11:46 (1637 turns).

mmcf the Stormcaller (Tengu Air Elementalist)       Turns: 1637, Time: 00:11:47

Health: -5/63      AC:  2    Str: 11    XL:     10   Next: 32%
Magic:  2/25       EV: 18    Int: 23    God:    Vehumet [*****.]
Gold:   0          SH:  0    Dex: 14    Spells: 5 memorised, 19 levels left

rFire  . . .     SeeInvis .     o - staff of energy
rCold  . . .     Gourm    .     a - +0 robe
rNeg   . . .     Faith    .     (no shield)
rPois  .         Spirit   .     (helmet restricted)
rElec  .         Dismiss  .     (no cloak)
rCorr  .         Reflect  .     (no gloves)
SustAt .         Harm     .     (boots unavailable)
MR     .....     NoTele   +     (no amulet)
Stlth  ++........               r - +3 ring of strength
                                q - +3 ring of intelligence

@: very slightly contaminated, hasted, repel missiles, very quick, not resistant
to hostile enchantments, unstealthy
A: beak, talons 3, able to fly 1
a: Fly, Renounce Religion


You were in the Dungeon.
You worshipped Vehumet.
Vehumet was extremely pleased with you.
You were not hungry.

You visited 1 branch

Inventory:

Hand Weapons
 k - a +1 falchion of holy wrath
 p - a +2 halberd of protection
Armour
 a - a +0 robe (worn)
Magical Staves
 o - an uncursed staff of energy (weapon)
Jewellery
 q - a +3 ring of intelligence (left hand)
 r - a +3 ring of strength (right hand)
Wands
 n - a wand of acid (1/15)
Scrolls
 l - 6 scrolls of remove curse
 m - 2 scrolls of amnesia
 s - a scroll of fog
 t - 4 scrolls of enchant weapon
Potions
 d - 4 potions of curing
 e - 3 potions of heal wounds
 f - 2 potions of haste
 g - 4 potions of magic
 h - a potion of berserk rage
 i - 2 potions of cure mutation
 j - a potion of invisibility
Books
 b - a book of Air

   Spells                             Type                      Level
   a - Shock                          Conjuration/Air              1
   b - Swiftness                      Charms/Air                   2
   c - Repel Missiles                 Charms/Air                   2
   d - Static Discharge               Conjuration/Air              3
   e - Lightning Bolt                 Conjuration/Air              5


   Skills:
 + Level 7.4 Fighting
 + Level 9.8 Dodging
 - Level 2.0 Stealth
 - Level 10.5 Spellcasting
 + Level 14.6 Conjurations
 - Level 7.1 Fire Magic
 + Level 15.1 Air Magic


You had 19 spell levels left.
You knew the following spells:

 Your Spells              Type           Power        Failure   Level  Hunger
a - Shock                 Conj/Air       ####         0%          1    None
b - Swiftness             Chrm/Air       #####...     1%          2    None
c - Repel Missiles        Chrm/Air       #####.       1%          2    None
d - Flame Tongue          Conj/Fire      #####        1%          1    None
e - Lightning Bolt        Conj/Air       ######....   1%          5    None


Dungeon Overview and Level Annotations

Branches:
Dungeon (1/1)

Altars:
Cheibriados
Dithmenos
Elyvilon
Fedhas
Gozag
Kikubaaqudgha
Makhleb
Nemelex Xobeh
Okawaru
Pakellas
Qazlal
Ru
Sif Muna
Trog
Vehumet
Xom
Yredelemnul
Zin
The Shining One
Beogh
Jiyva
Lugonu


Innate Abilities, Weirdness & Mutations

You have a beak for a mouth.
You have claws for feet.
You can fly.


Message History

You are very lightly contaminated with residual magic.
* * * LOW HITPOINT WARNING * * *
You feel sick.
Things that are here:
a crocodile skeleton; a porcupine skeleton
* * * LOW HITPOINT WARNING * * *
You feel sick.
* * * LOW HITPOINT WARNING * * *
You feel sick. The black mamba completely misses you.
You see here a crocodile skeleton.
* * * LOW HITPOINT WARNING * * *
You feel sick.
* * * LOW HITPOINT WARNING * * *
You feel sick.
There is an open door to the Lair here.
You see here a water moccasin skeleton.
Drink which item? (? for menu, Esc to quit)
You feel better. The black mamba misses you. The black mamba bites you!
You die...

▓.▓.▓_▓
▓.▓.▓_▓
▓÷▓.▓_▓
▓.▓.▓_▓
▓.▓.▓_▓
▓÷▓.▓_▓
▓.▓.▓_▓
▓S▓.▓_▓
▓@▓.▓_▓
▓.▓.▓_▓
▓.▓.▓_▓
▓.▓.▓_▓
▓.▓.▓_▓
▓.▓.▓'▓
▓.▓.▓.▓
▓[▓.▓.▓
▓.▓.▓.▓


You could see a black mamba.

Vanquished Creatures
  A death yak (D)
  2 hill giants (D)
  A griffon (D)
  A black mamba (D)
  A komodo dragon (D)
  A wyvern (D)
  A basilisk (D)
  A vampire mosquito (D)
  2 water moccasins (D)
  4 porcupines (D)
  An orc warrior (D)
  A necrophage (D)
  An ogre (D)
  4 crocodiles (D)
  A giant frog (D)
  An orc wizard (D)
  A hound (D)
  3 iguanas (D)
  A shadow imp (D)
  An ooze (D)
  2 orcs (D)
  A ball python skeleton (D)
  2 bats (D)
  A giant gecko zombie (D)
  A kobold (D)
  A quokka skeleton (D)
  A rat (D)
39 creatures vanquished.

Notes
Turn   | Place    | Note
--------------------------------------------------------------
     0 | D        | mmcf the Tengu Air Elementalist began the quest for the Orb.
     0 | D        | Reached XP level 1. HP: 10/10 MP: 4/4
    12 | D        | Reached XP level 2. HP: 6/15 MP: 0/6
   185 | D        | Learned a level 2 spell: Swiftness
   188 | D        | Learned a level 2 spell: Repel Missiles
   329 | D        | Reached skill level 5 in Air Magic
   334 | D        | Reached skill level 5 in Conjurations
   334 | D        | Reached skill level 6 in Air Magic
   334 | D        | Reached XP level 3. HP: 10/19 MP: 0/9
   334 | D        | Reached skill level 7 in Air Magic
   334 | D        | Reached XP level 4. HP: 13/24 MP: 0/11
   562 | D        | Found a glowing silver altar of Zin.
   562 | D        | Found a glowing golden altar of the Shining One.
   562 | D        | Found an ancient bone altar of Kikubaaqudgha.
   562 | D        | Found a basalt altar of Yredelemnul.
   562 | D        | Found a shimmering altar of Xom.
   562 | D        | Found a radiant altar of Vehumet.
   563 | D        | Found an iron altar of Okawaru.
   564 | D        | Found a burning altar of Makhleb.
   565 | D        | Found a deep blue altar of Sif Muna.
   566 | D        | Found a bloodstained altar of Trog.
   567 | D        | Found a sparkling altar of Nemelex Xobeh.
   568 | D        | Found a white marble altar of Elyvilon.
   569 | D        | Found a roughly hewn altar of Beogh.
   570 | D        | Became a worshipper of Vehumet
   571 | D        | Found a viscous altar of Jiyva.
   572 | D        | Found a corrupted altar of Lugonu.
   573 | D        | Found a blossoming altar of Fedhas.
   574 | D        | Found a snail-covered altar of Cheibriados.
   575 | D        | Found a shadowy altar of Dithmenos.
   576 | D        | Found a stormy altar of Qazlal.
   577 | D        | Found an opulent altar of Gozag.
   578 | D        | Found a sacrificial altar of Ru.
   579 | D        | Found an oddly glowing altar of Pakellas.
   611 | D        | Noticed an ogre
   611 | D        | Noticed a necrophage
   611 | D        | Noticed a hill giant
   611 | D        | Noticed a hill giant
   641 | D        | Killed a hill giant
   641 | D        | Reached * piety under Vehumet
   641 | D        | Offered knowledge of Flame Tongue by Vehumet.
   641 | D        | Reached skill level 10 in Conjurations
   641 | D        | Reached skill level 10 in Air Magic
   641 | D        | Gained mutation: You can fly. [Tengu growth]
   641 | D        | Reached XP level 5. HP: 6/28 MP: 5/16
   641 | D        | Reached XP level 6. HP: 7/32 MP: 5/17
   641 | D        | Reached XP level 7. HP: 8/36 MP: 5/19
   647 | D        | Killed a hill giant
   647 | D        | Reached skill level 12 in Air Magic
   647 | D        | Reached XP level 8. HP: 10/41 MP: 3/21
   669 | D        | Learned a level 1 spell: Flame Tongue
   880 | D        | Learned a level 5 spell: Lightning Bolt
   888 | D        | Offered knowledge of Searing Ray by Vehumet.
   888 | D        | Reached ** piety under Vehumet
   888 | D        | Reached skill level 1 in Fighting
   888 | D        | Reached skill level 1 in Fire Magic
  1042 | D        | Noticed a wyvern
  1046 | D        | Killed a wyvern
  1046 | D        | Offered knowledge of Dazzling Spray by Vehumet.
  1062 | D        | Reached *** piety under Vehumet
  1067 | D        | Reached skill level 13 in Air Magic
  1067 | D        | Reached XP level 9. HP: 25/50 MP: 4/23
  1335 | D        | Noticed a black mamba
  1338 | D        | Offered knowledge of Force Lance by Vehumet.
  1339 | D        | Noticed a griffon
  1340 | D        | Reached **** piety under Vehumet
  1340 | D        | Killed a black mamba
  1340 | D        | Reached skill level 5 in Fire Magic
  1341 | D        | Reached skill level 5 in Fighting
  1341 | D        | Reached skill level 10 in Spellcasting
  1343 | D        | Noticed a death yak
  1343 | D        | Killed a griffon
  1343 | D        | Reached ***** piety under Vehumet
  1343 | D        | Reached skill level 14 in Air Magic
  1477 | D        | Killed a death yak
  1477 | D        | Offered knowledge of Inner Flame by Vehumet.
  1477 | D        | Reached XP level 10. HP: 37/60 MP: 8/25
  1617 | D        | Reached skill level 15 in Air Magic
  1618 | D        | Noticed a black mamba
  1637 | D        | Slain by a black mamba

Vault maps used:
D:        linesprint

Skill      XL: |  1  2  3  4  5  6  7  8  9 10 |
---------------+-------------------------------+-----
Conjurations   | 3 5 6 10 11 12 14 | 14.6
Air Magic      | 6 7 10 12 13 14 15 | 15.1
Spellcasting   | 4 7 8 9 10 | 10.5
Dodging        | 7 8 9 |  9.8
Fighting       | 3 6 7 |  7.4
Fire Magic     | 3 7 |  7.1
Stealth        | |  2.0

Action                   |  1- 3 |  4- 6 |  7- 9 | 10-12 || total
-------------------------+-------+-------+-------+-------++-------
Melee: Unarmed           |     1 |       |       |       ||     1
 Cast: Shock             |     8 |     8 |    20 |     5 ||    41
       Repel Missiles    |     1 |       |       |       ||     1
       Swiftness         |       |     1 |     2 |       ||     3
       Flame Tongue      |       |       |     7 |       ||     7
       Lightning Bolt    |       |       |    10 |     7 ||    17
 Abil: Fly               |       |       |     2 |       ||     2
Evoke: Wand              |       |     2 |     4 |       ||     6
       Staff of energy   |       |       |     1 |       ||     1
  Use: Scroll            |       |     1 |     1 |       ||     2
       Potion            |       |       |     1 |     5 ||     6
  Eat: Chunk             |       |       |     1 |       ||     1
       Bread ration      |       |       |       |     1 ||     1
Armor: Robe              |       |       |     1 |       ||     1
Dodge: Dodged            |     4 |       |     9 |     7 ||    20
